 Dungeon Crawl Stone Soup version 0.24-a0-779-g36f0aeb (webtiles) character file.

Game seed: 6215568160944030988, levelgen mode: deterministic

17054 DrEnzyme the Basher (level 12, -5/106 HPs)
             Began as a Naga Wanderer on Oct 7, 2019.
             Was a Priest of Cheibriados.
             Slain by a cacodemon (10 damage)
             ... in a Gauntlet.
             The game lasted 00:57:56 (16700 turns).

DrEnzyme the Basher (Naga Wanderer)                Turns: 16700, Time: 00:57:57

Health: -5/106     AC: 16    Str: 26      XL:     12   Next: 44%
Magic:  8/16       EV: 16    Int: 22 (23) God:    Cheibriados [***...]
Gold:   351        SH:  0    Dex: 36      Spells: 13/13 levels left

rFire    + + .     SeeInvis +   G - +6 war axe of Beyond {chop, +Rage rF+ Dex+4}
rCold    + + .     Gourm    .   (no shield)
rNeg     . . .     Faith    .   k - +2 scale mail
rPois    +         Spirit   .   A - +2 helmet
rElec    .         Reflect  .   p - scarf {rC+ rF+}
rCorr    .         Harm     .   H - +0 pair of gloves
MR       +....     NoTele   +   (no barding)
Stlth    ++++......             e - amulet of the acrobat
HPRegen  0.27/turn              D - ring of wizardry
MPRegen  0.15/turn              L - ring "Fixtuym" {rC+ Int+3 Dex+2}

@: agile, studying Maces & Flails, very slow
A: large, see invisible, agile 2, deformed body, poison resistance, slowness 2,
slow metabolism 1, spit poison 1, no potion heal 1, AC +4
a: Spit Poison, Bend Time, Temporal Distortion, Renounce Religion, Evoke Berserk
Rage


You were in a Gauntlet.
You worshipped Cheibriados.
Cheibriados was most pleased with you.
You were very hungry.

You visited 2 branches of the dungeon, and saw 14 of its levels.
You also visited: Gauntlet.

You collected 859 gold pieces.
You spent 508 gold pieces at shops.

Inventory:

Hand Weapons
 a - a +3 whip of freezing
 b - a +0 hand crossbow
 j - a +1 morningstar of electrocution
 C - a +2 scimitar of flaming
 G - the +6 war axe of Beyond (weapon) {chop, +Rage rF+ Dex+4}
   (You took it off an orc wizard on level 10 of the Dungeon)

   It inflicts extra damage upon your enemies.
   It affects your dexterity (+4).
   It protects you from fire.
   It lets you go berserk.
 J - a +1 flail of holy wrath
Missiles
 c - 94 bolts
 M - 2 poisoned darts (quivered)
Armour
 i - the +1 scale mail of Gayg {rF++ rC++ MR-}
   (You found it on level 3 of the Lair of Beasts)

   It greatly protects you from fire.
   It greatly protects you from cold.
   It affects your resistance to hostile enchantments.
 k - a +2 scale mail (worn)
 l - a +0 plate armour
 p - a scarf of resistance (worn)
 w - a +0 pair of gloves
 z - a +0 large shield
 A - a +2 helmet (worn)
 E - a +0 shield
 H - a +0 pair of gloves (worn)
 O - a +1 hat of intelligence
Jewellery
 e - an amulet of the acrobat (around neck)
 q - an uncursed amulet of the gourmand
 D - a ring of wizardry (left hand)
 L - the ring "Fixtuym" (right hand) {rC+ Int+3 Dex+2}
   (You bought it in a shop on level 7 of the Dungeon)

   [ring of intelligence]

   It affects your intelligence (+3).
   It affects your dexterity (+2).
   It protects you from cold.
Wands
 s - a wand of disintegration (11)
 y - a wand of paralysis (5)
 F - a wand of digging (4)
 I - a wand of flame (16)
Scrolls
 d - 3 scrolls of teleportation
 n - a scroll of amnesia
 o - 4 scrolls of blinking
 t - 2 scrolls of fog
 v - 6 scrolls of remove curse
 K - a scroll of fear
Potions
 g - 6 potions of curing
 m - 2 potions of lignification
 r - a potion of mutation
 x - a potion of flight
 N - a potion of haste {unknown}
Books
 u - a manual of Maces & Flails
Comestibles
 f - 24 rations


   Skills:
 + Level 6.4 Fighting
 + Level 1.3 Long Blades
 * Level 7.9(9.9) Axes
 * Level 9.3(10.5) Maces & Flails
 + Level 3.2 Crossbows
 + Level 3.5 Throwing
 * Level 8.9 Armour
 + Level 3.2 Dodging
 + Level 5.9 Stealth
 * Level 3.8 Shields
 + Level 1.0 Spellcasting
   Level 1.0 Conjurations
   Level 1.0 Necromancy
 * Level 6.6 Invocations


You had 13 spell levels left.
You didn't know any spells.
Your spell library was empty.

Dungeon Overview and Level Annotations

Branches:
Dungeon (11/15)            Temple (0/1) D:4            Lair (3/6) D:11
  Snake (0/4) Lair:2          Orc (0/2) D:9         Gauntlet (1/1)
  Swamp: Lair:2-4    Shoals: Lair:2-4

Altars:
Ashenzari
Cheibriados
Dithmenos
Elyvilon
Fedhas
Gozag
Qazlal
Sif Muna
Uskayaw
Wu Jian
Xom
Yredelemnul
Zin
The Shining One

Shops:
D:7 =

Annotations:
D:5 1 runed translucent door, exclusion: downstairs, Crazy Yiuf
D:11 exclusions: 2 killer bees and 6 more exclusions Gauntlet 9 transporters, exclusion: lightning spire


Innate Abilities, Weirdness & Mutations

You cannot wear boots.
Your serpentine skin is tough. (AC +4)
You have supernaturally acute eyesight. (SInv)
Armour fits poorly on your strangely shaped body.
Your system is resistant to poisons. (rPois)
You cover ground very slowly.
You have a slow metabolism.
You can spit poison.
You are very agile. (Dex +4)
Potions are less effective at restoring your health.


Message History

The cacodemon is almost dead.
The cacodemon closely misses you. The cacodemon hits you!
* * * LOW HITPOINT WARNING * * *
You hit the cacodemon but do no damage.
The cacodemon is almost dead.
The cacodemon hits you!
* * * LOW HITPOINT WARNING * * *
The cacodemon barely misses you.
You hit the cacodemon.
The cacodemon is almost dead.
The cacodemon completely misses you. The cacodemon closely misses you.
You slash the cacodemon!
The cacodemon is almost dead.
The cacodemon hits you!
* * * LOW HITPOINT WARNING * * *
The cacodemon closely misses you.
Unknown command.
Your system partially rejects the healing.
You feel better. The cacodemon hits you!
You die...

#≈...###########...........
##...............8.....8...
.# ##.8.....8................
..##≈...............#########
...##...#########...##.......
....#...#2..3.#3#...#©######.
.©8.#...#.###.#.#######....##
....#...#[..###5#...##.####.#
.©8.#.8.#©..@233#©.©#.##.©.##
....#...#)..###5#...#.#.####.
.©8.#...#!###.#.#####.##....#
....#...#.....#.#...#..######
...##...#########...#........
..##≈...............#########
.# ##.8.....8................
##...............8.....8...
#§...###########...........


You could see a cacodemon, 2 neqoxecs, an iron imp and a white imp.

Vanquished Creatures
  2 hydras
  A centaur warrior (D:9)
  Erica (D:8)
  3 two-headed ogres
  Urug (D:10)
  A black mamba (Lair:1)
  A spiny frog (Lair:2)
  A tyrant leech (Gauntlet)
  7 blink frogs
  4 hippogriffs
  Sigmund (D:3)
  2 wyverns
  10 yaks
  Grum (D:8)
  A vampire mosquito (D:9)
  A neqoxec (Gauntlet)
  7 nagas (Lair:2)
  3 water moccasins
  2 swamp worms (Gauntlet)
  2 porcupines
  A hornet zombie (D:11)
  An ice beast (D:5)
  4 orc warriors
  3 black bears
  2 wolves (D:8)
  7 centaurs
  3 ogres
  3 crocodiles
  Blork the orc (D:5)
  A big kobold (D:11)
  13 bullfrogs
  2 wyvern skeletons
  A scorpion (D:9)
  4 killer bees (D:10)
  A howler monkey (D:7)
  2 crimson imps
  2 bullfrog zombies
  4 orc priests
  2 bullfrog skeletons
  3 centaur skeletons
  4 hounds
  3 jellies
  5 iguanas
  Ijyb (D:5)
  16 orc wizards
  7 worker ants
  A killer bee zombie (D:6)
  A hound zombie (D:5)
  A hound skeleton (D:7)
  Robin (D:4)
  2 gnolls
  20 adders
  2 shadow imps (D:9)
  2 oozes
  5 worms
  3 dart slugs
  2 leopard geckos (D:3)
  38 orcs
  7 giant cockroaches
  15 goblins
  15 hobgoblins
  10 jackals
  11 kobolds
  6 quokkas
  A ball python (D:1)
  A ball python zombie (D:5)
  7 bats
  4 frilled lizards
  A leopard gecko skeleton (D:4)
  A quokka zombie (D:6)
  7 rats
312 creatures vanquished.

Vanquished Creatures (others)
  A quokka (D:6)
  3 plants
4 creatures vanquished.

Grand Total: 316 creatures vanquished

Notes
Turn   | Place    | Note
-------+----------+-------------------------------------------
     0 | D:1      | DrEnzyme the Naga Wanderer began the quest for the Orb.
     0 | D:1      | DrEnzyme set off with the following items: a +0 hand
                  | crossbow, a +2 scale mail, 21 bolts, a scroll of
                  | teleportation, a ration
     0 | D:1      | Reached XP level 1. HP: 19/19 MP: 2/2
   137 | D:1      | Reached XP level 2. HP: 26/27 MP: 3/3
   856 | D:2      | Reached XP level 3. HP: 33/33 MP: 4/4
  1248 | D:2      | Reached XP level 4. HP: 40/40 MP: 5/5
  1364 | D:2      | Found a stormy altar of Qazlal.
  1424 | D:2      | Found a shadowy altar of Dithmenos.
  1760 | D:2      | Found a faded altar of an unknown god.
  2403 | D:3      | Reached XP level 5. HP: 49/49 MP: 6/6
  2778 | D:3      | Noticed Sigmund
  2786 | D:3      | Killed Sigmund
  2786 | D:3      | Reached skill level 2 in Maces & Flails
  2786 | D:3      | Reached skill level 1 in Dodging
  2786 | D:3      | Reached XP level 6. HP: 53/57 MP: 7/7
  2860 | D:3      | Found a snail-covered altar of Cheibriados.
  2903 | D:3      | Became a worshipper of Cheibriados the Contemplative
  3170 | D:4      | Reached skill level 3 in Maces & Flails
  3170 | D:4      | Reached XP level 7. HP: 54/64 MP: 8/8
  3363 | D:4      | Found a staircase to the Ecumenical Temple.
  3411 | D:4      | Reached * piety under Cheibriados
  3619 | D:4      | Noticed Robin
  3627 | D:4      | Killed Robin
  3627 | D:4      | Reached skill level 4 in Maces & Flails
  3809 | D:4      | Found a shimmering altar of Xom.
  4031 | D:5      | Entered Level 5 of the Dungeon
  4064 | D:5      | Reached XP level 8. HP: 15/73 MP: 7/9
  4339 | D:5      | Noticed Blork the orc
  4349 | D:5      | Killed Blork the orc
  4390 | D:5      | Found an ornate altar of the Wu Jian Council.
  4435 | D:5      | Gained mutation: You are agile. (Dex +2) [potion of
                  | mutation]
  4435 | D:5      | Gained mutation: You are very agile. (Dex +4) [potion of
                  | mutation]
  4653 | D:5      | Reached skill level 1 in Invocations
  5035 | D:5      | Noticed Ijyb
  5039 | D:5      | Killed Ijyb
  5109 | D:5      | Reached ** piety under Cheibriados
  5133 | D:5      | Reached skill level 5 in Armour
  5292 | D:5      | Reached skill level 5 in Fighting
  5387 | D:5      | Reached skill level 5 in Maces & Flails
  5468 | D:5      | Found a runed translucent door.
  5469 | D:5      | Noticed Crazy Yiuf
  5547 | D:6      | Found a shimmering blue altar of Sif Muna.
  5670 | D:6      | Found a white marble altar of Elyvilon.
  6180 | D:6      | Reached XP level 9. HP: 44/81 MP: 10/10
  6522 | D:6      | Found a basalt altar of Yredelemnul.
  7491 | D:6      | Found an opulent altar of Gozag.
  7492 | D:6      | Found a glowing silver altar of Zin.
  7816 | D:7      | Found a blossoming altar of Fedhas.
  7898 | D:7      | Reached *** piety under Cheibriados
  7981 | D:7      | Found Colog's Jewellery Emporium.
  8193 | D:7      | Reached skill level 6 in Maces & Flails
  8308 | D:7      | Found a shattered altar of Ashenzari.
  9446 | D:8      | Noticed Erica
  9461 | D:8      | Killed Erica
  9461 | D:8      | Reached skill level 7 in Maces & Flails
  9461 | D:8      | Reached XP level 10. HP: 62/91 MP: 12/12
  9750 | D:8      | Found a hide-covered altar of Uskayaw.
  9774 | D:8      | Found a glowing golden altar of the Shining One.
  9804 | D:8      | Noticed Grum
  9872 | D:8      | Killed Grum
 10027 | D:8      | Reached **** piety under Cheibriados
 10192 | D:9      | Reached skill level 5 in Stealth
 10269 | D:9      | Found a staircase to the Orcish Mines.
 10346 | D:9      | Noticed a death knight
 10360 | D:9      | Noticed a two-headed ogre
 10554 | D:10     | Entered Level 10 of the Dungeon
 10736 | D:10     | Found an opulent altar of Gozag.
 10774 | D:10     | Noticed Urug
 11009 | D:10     | Reached ***** piety under Cheibriados
 11101 | D:10     | Identified the +6 war axe of Beyond {chop, +Rage rF+ Dex+4}
 11510 | D:10     | Reached skill level 1 in Axes
 12002 | D:9      | Killed a two-headed ogre
 12002 | D:9      | Reached skill level 1 in Shields
 12200 | D:9      | Noticed a centaur warrior
 12206 | D:9      | Reached skill level 5 in Invocations
 12355 | D:7      | Bought the ring "Fixtuym" {rC+ Int+3 Dex+2} for 508 gold
                  | pieces
 12501 | D:9      | Reached XP level 11. HP: 77/97 MP: 14/14
 12503 | D:9      | Noticed a two-headed ogre
 12607 | D:9      | Killed a centaur warrior
 12968 | D:10     | Killed Urug
 12968 | D:10     | Reached skill level 5 in Axes
 13212 | D:11     | Found a staircase to the Lair.
 13226 | Lair:1   | Entered Level 1 of the Lair of Beasts
 13612 | D:11     | Noticed a two-headed ogre
 13643 | D:11     | Killed a two-headed ogre
 13810 | D:11     | Noticed a two-headed ogre
 13819 | D:11     | Killed a two-headed ogre
 14398 | Lair:1   | Noticed a five-headed hydra
 14408 | Lair:1   | Killed a one-headed hydra
 14408 | Lair:1   | Reached skill level 8 in Maces & Flails
 15096 | Lair:2   | Noticed a five-headed hydra
 15103 | Lair:2   | Killed a one-headed hydra
 15103 | Lair:2   | Reached skill level 1 in Long Blades
 15103 | Lair:2   | Reached XP level 12. HP: 56/105 MP: 16/16
 15593 | Lair:2   | Found a staircase to the Snake Pit.
 15834 | Lair:2   | Reached skill level 9 in Maces & Flails
 15895 | Lair:2   | You fall into a shaft and drop 1 floor!
 15904 | Lair:3   | Got a brightly glowing scale mail
 16040 | Lair:3   | Found a gate leading to a gauntlet.
 16074 | Gauntlet | Entered a Gauntlet
 16074 | Gauntlet | Found a transporter.
 16083 | Gauntlet | Found a transporter.
 16085 | Gauntlet | Found a transporter.
 16093 | Gauntlet | Found a transporter.
 16094 | Gauntlet | Found a transporter.
 16096 | Gauntlet | Noticed a cacodemon
 16104 | Gauntlet | Found a transporter.
 16106 | Gauntlet | Noticed a reaper
 16111 | Gauntlet | Found a transporter.
 16143 | Gauntlet | Found a transporter.
 16148 | Gauntlet | Found a transporter.
 16148 | Gauntlet | Found a transporter.
 16152 | Gauntlet | Found a transporter.
 16171 | Gauntlet | Found a transporter.
 16287 | Gauntlet | Identified the cursed +1 scale mail of Gayg {rF++ rC++ MR-}
                  | (You found it on level 3 of the Lair of Beasts)
 16689 | Gauntlet | Gained mutation: Potions are less effective at restoring
                  | your health. [a cacodemon]
 16699 | Gauntlet | HP: 1/106 [cacodemon (12)]
 16700 | Gauntlet | Slain by a cacodemon

Levels and vault maps discovered:
D:1:      tarquinn_simple_flora_water_a, layout_loops_ring
D:2:      layout_basic, lemuel_crystal_altar, chequers_ecumenical_altar_lobes,
          serial_bayou, serial_bayou_pond_c, serial_bayou_lagoon_a,
          serial_bayou_pond_e, serial_bayou_pond_d, grunt_dithmenos_smoke
D:3:      layout_loops_cross, kennysheep_slug_shrine, uniq_sigmund
D:4:      minmay_diamond_boxcup, layout_loops_ring, overflow_temple_1_default,
          minmay_temple_entry_poolview, serial_glass, glass_columns_b,
          glass_columns_a, uniq_robin
D:5:      layout_basic, overflow_temple_1_default, first_ration, st_stairs_13,
          uniq_ijyb, uniq_crazy_yiuf_cottage, uniq_blork_the_orc
D:6:      layout_cave_pods, grunt_temple_overflow_gold_and_silver,
          elyvilon_altar_4, overflow_temple_1_default, serial_column_ruins,
          column_ruins_hut_water, column_ruins_open_small,
          column_ruins_open_small, column_ruins_open_small,
          column_ruins_columns_straight, column_ruins_corridor_water,
          lemuel_altar_in_water
D:7:      layout_cave_pools, fedhas_altar_1, evilmike_ruin_ashenzari,
          serial_shops, nicolae_shop_waterfront, kennysheep_generic_room_14
D:8:      layout_basic, overflow_temple_1_default, lemuel_crystal_altar,
          uniq_grum, uniq_erica
D:9:      minmay_the_grid_4x2 [minmay_the_grid_square_x,
          minmay_the_grid_embedded, minmay_the_grid_holed_spiral,
          minmay_the_grid_expand, minmay_the_grid_empty, minmay_the_grid_spikes,
          minmay_the_grid_outer_diamond, minmay_the_grid_prize_four_corners],
          layout_cave_pools
D:10:     layout_loops_ring, basic_altar, uniq_urug
D:11:     layout_loops_ring, lair_entry_dummy, david_nohive_1,
          nicolae_lava_and_water
Lair:1:   statuecave_lemuel, layout_gridlike, lemuel_fruit_tree,
          infiniplex_staircase_pool
Lair:2:   layout_cave_pods, minmay_shoals_entry_centaurs,
          minmay_snake_entry_guardpost_medium, cheibrodos_lair_reptile_den
Lair:3:   pond_and_an_island_with_a_cottage, layout_chaotic_city,
          gauntlet_entry_generic, lemuel_fruit_fields
Gauntlet: minmay_gauntlet_mixed_oops_all_seconds
          [minmay_gauntlet_arena_77_broken_ladder,
          gammafunk_gauntlet_arena_spirals,
          minmay_gauntlet_arena_77_hold_the_fort,
          gammafunk_gauntlet_arena_chambers, minmay_gauntlet_arena_77_mirror,
          nicolae_gauntlet_arena_grate_2, gauntlet_exit_spiral]

Skill      XL: |  1  2  3  4  5  6  7  8  9 10 11 12 |
---------------+-------------------------------------+-----
Crossbows      | 2 3 |  3.2
Fighting       | 3 4 5 6 |  6.4
Armour         | 2 3 5 6 7 8 |  8.9
Maces & Flails | 2 3 4 5 7 8 9 |  9.3
Dodging        | 1 2 3 |  3.2
Stealth        | 2 4 5 |  5.9
Invocations    | 1 3 5 6 |  6.6
Throwing       | 2 3 |  3.5
Axes           | 3 6 7 |  7.9
Shields        | 1 3 |  3.8
Long Blades    | 1 |  1.3
Spellcasting   | |  1.0
Conjurations   | |  1.0
Necromancy     | |  1.0

Action                   |  1- 3 |  4- 6 |  7- 9 | 10-12 || total
-------------------------+-------+-------+-------+-------++-------
Melee: Dagger            |    69 |       |       |       ||    69
       Whip              |     7 |   148 |   507 |    17 ||   679
       Morningstar       |       |       |       |    81 ||    81
       War axe           |       |       |       |   254 ||   254
       Scimitar          |       |       |       |    17 ||    17
 Fire: Hand crossbow     |    49 |     5 |       |       ||    54
Throw: Dart              |       |     4 |    70 |    20 ||    94
Invok: Bend Time         |       |       |     7 |     3 ||    10
       Slouch            |       |       |       |     8 ||     8
 Abil: Spit Poison       |     2 |     8 |    44 |    11 ||    65
Evoke: Wand              |       |       |       |     1 ||     1
  Use: Scroll            |       |     4 |    12 |    12 ||    28
       Potion            |       |       |     8 |     3 ||    11
 Stab: Invisible         |       |       |     4 |       ||     4
       Distracted        |       |       |     1 |     1 ||     2
       Sleeping          |       |       |       |    10 ||    10
  Eat: Chunk             |     1 |     6 |    11 |     8 ||    26
       Ration            |       |       |     1 |     2 ||     3
Armor: Scale mail        |    75 |    63 |   209 |   185 ||   532
Dodge: Dodged            |    29 |    62 |   281 |   379 ||   751
       Rpst.: Scimitar   |       |       |       |     4 ||     4

Table legend:
 A = Non-vault XP
 B = Vault XP
 C = Vault XP percentage of total XP
 D = Non-vault monster count
 E = Vault monster count
 F = Vault count percentage of total count
                 A         B        C        D         E       F
            +---------+---------+-------+---------+---------+-------
      Total |   17704 |    6659 |  27.3 |     265 |      47 |  15.1
            +---------+---------+-------+---------+---------+-------
        D:1 |      30 |       0 |   0.0 |      19 |       0 |   0.0
        D:2 |      92 |       0 |   0.0 |      22 |       0 |   0.0
        D:3 |     115 |     216 |  65.3 |      31 |       2 |   6.1
        D:4 |     619 |      55 |   8.2 |      23 |      13 |  36.1
        D:5 |     986 |     175 |  15.1 |      22 |       3 |  12.0
        D:6 |     513 |       0 |   0.0 |      16 |       0 |   0.0
        D:7 |     720 |       0 |   0.0 |      25 |       0 |   0.0
        D:8 |     871 |    1354 |  60.9 |      18 |       4 |  18.2
        D:9 |    1306 |    1931 |  59.7 |      12 |      12 |  50.0
       D:10 |    1752 |     867 |  33.1 |      31 |       1 |   3.1
       D:11 |    3262 |       0 |   0.0 |      17 |       0 |   0.0
     Lair:1 |    2822 |       0 |   0.0 |       8 |       0 |   0.0
     Lair:2 |    3216 |    1252 |  28.0 |      12 |       8 |  40.0
     Lair:3 |    1400 |       0 |   0.0 |       9 |       0 |   0.0
   Gauntlet |       0 |     809 | 100.0 |       0 |       4 | 100.0
            +---------+---------+-------+---------+---------+-------
